 Dungeon Crawl Stone Soup version 0.20-a0-949-g916514f (webtiles) character file.

3071 Isola the Covert (level 9, -1/41 HPs)
             Began as a Spriggan Assassin on Apr 4, 2017.
             Was an Initiate of Gozag.
             Slain by a gnoll
             ... wielding a cursed -1 spear
              (10 damage)
             ... on level 7 of the Dungeon.
             The game lasted 00:24:33 (13107 turns).

Isola the Covert (Spriggan Assassin)               Turns: 13107, Time: 00:24:34

Health: -1/41      AC:  7    Str:  6 (9)  XL:     9   Next: 58%
Magic:  10/10      EV: 20    Int: 15 (16) God:    Gozag
Gold:   86         SH:  0    Dex: 14 (17) Spells: 8/8 levels left

rFire    + . .     SeeInvis +   k - +2 dagger (venom)
rCold    . . .     Gourm    .   (shield restricted)
rNeg     . . .     Faith    .   n - +2 robe {rF+}
rPois    .         Spirit   .   (helmet restricted)
rElec    .         Reflect  .   d - +1 cloak
rCorr    .         Harm     .   (gloves unavailable)
MR       +....                  (boots unavailable)
Stlth    ++++++....             (no amulet)
Regen    0.2/turn               (no ring)
MPRegen  0.2/turn               (no ring)

@: lethally poisoned (-1 -> -6), gold aura, very quick
A: unfitting armour, see invisible, herbivore 3, speed 3, shaggy fur 1, slow
metabolism 2, strong 1, MP-powered wands
a: Potion Petition, Call Merchant, Bribe Branch, Renounce Religion


You were on level 7 of the Dungeon.
You worshipped Gozag.
Gozag was noncommittal.
You were not hungry.

You visited 2 branches of the dungeon, and saw 9 of its levels.

You collected 199 gold pieces.
You paid 113 gold pieces to Gozag.

Inventory:

Hand Weapons
 a - a +3 dagger
 k - a +2 dagger of venom (weapon)
 l - a +0 blowgun
Missiles
 e - 6 poisoned needles
 f - a curare-tipped needle
Armour
 d - a +1 cloak (worn)
 n - a +2 robe of fire resistance (worn)
Wands
 b - a wand of flame (22/48)
 h - a wand of iceblast (3/15)
Scrolls
 o - a scroll of remove curse
 s - 2 scrolls of recharging
 u - 2 scrolls of amnesia
 v - a scroll of blinking {unknown}
 w - a scroll of fear {unknown}
 x - a scroll of enchant armour
 y - 2 scrolls of fog {unknown}
 A - a scroll of teleportation
 B - a scroll of vulnerability {unknown}
 D - 3 scrolls of identify
Potions
 i - a potion of resistance
Books
 m - a book of Changes

   Spells                             Type                      Level
   a - Beastly Appendage              Transmutation                1
   b - Sticks to Snakes               Transmutation                2
   c - Spider Form                    Transmutation/Poison         3
   d - Ice Form                       Ice/Transmutation            4
   e - Blade Hands                    Transmutation                5
Comestibles
 g - 9 bread rations
 j - 8 fruits
 r - 8 royal jellies


   Skills:
 - Level 1.5 Fighting
 * Level 10.2 Short Blades
 - Level 2.0 Throwing
 - Level 5.1 Dodging
 * Level 14.5 Stealth


You had 8 spell levels left.
You didn't know any spells.

Dungeon Overview and Level Annotations

Branches:
Dungeon (8/15)             Temple (1/1) D:6
   Lair: D:8-11

Altars:
Ashenzari
Cheibriados
Dithmenos
Elyvilon
Fedhas
Gozag
Hepliaklqana
Kikubaaqudgha
Makhleb
Nemelex Xobeh
Okawaru
Qazlal
Ru
Sif Muna
Trog
Uskayaw
Vehumet
Wu Jian
Xom
Zin

Shops:
D:5 [

Annotations:
D:3 Isola's ghost, amateur NaVM
D:4 Grinder; Tyryt0's ghost, novice OpMo
D:7 Maurice
D:8 Psyche


Innate Abilities, Weirdness & Mutations

You are very small and have problems with some larger weapons.
You are too small for most types of armour.
You have supernaturally acute eyesight. (SInv)
You are a herbivore.
You cover ground extremely quickly.
You need consume almost no food.
You are covered in fur. (AC +1)
Your muscles are strong. (Str +2)
You expend magic power (3 MP) to strengthen your wands.


Message History

The gnoll misses you.
You hit the gnoll sergeant but do no damage.
The gnoll sergeant looks as sick as possible!
The gnoll sergeant is moderately wounded.
You feel sick.
The gnoll sergeant hits you with a spear of venom.
You are more poisoned.
You feel sick.
You feel sick.
You feel sick.
You feel sick.
You feel sick.
You feel sick.
You kill the gnoll sergeant!
You feel sick.
You hit the gnoll.
The gnoll is moderately wounded.
You feel sick. The gnoll hits you with a spear!
You die...
Your body crumbles into a pile of gold.

###########.#####
###......#..#.###.##
'..................#
#..................#
##..##...##...###.####### ######
##..##...####+###.#..#..####.##..
.#..[.....#......................
.#..[.....#....g....#.......g....
.#........'...$g@...#............
######..###...###..$########..##.
###.##..###...###.$.##....##..##.
..#.....#.....#............#..#..
..#.....#....g#............#..#..
.##.....#....g#$...........#..'%.
.##.[...#.....'.[..........#..#..
.##########'####...###.######.###
.##..[..##..####...###'##.###.###


You could see 2 gnolls.

Vanquished Creatures
  A yak (D:7)
  A human (D:7)
  3 hogs (D:7)
  An orc warrior (D:6)
  An ice beast (D:6)
  4 ogres
  A phantom (D:7)
  A necrophage (D:6)
  2 centaurs
  2 bullfrogs
  A gnoll sergeant (D:7)
  A wyvern zombie (D:6)
  A scorpion (D:7)
  A howler monkey (D:5)
  4 crimson imps
  A bullfrog zombie (D:7)
  A bullfrog skeleton (D:6)
  6 orc priests
  2 hounds
  4 orc wizards
  A centaur skeleton (D:5)
  2 iguanas
  7 worker ants
  A killer bee zombie (D:8)
  A worker ant zombie (D:5)
  4 gnolls
  9 adders
  2 howler monkey skeletons
  A shadow imp (D:7)
  An adder skeleton (D:6)
  3 adder zombies
  5 worms
  3 dart slugs
  8 leopard geckos
  33 orcs
  13 bats
  3 giant cockroaches
  7 goblins
  7 hobgoblins
  4 jackals (D:2)
  4 quokkas
  3 ball pythons
  8 frilled lizards
  9 kobolds
  11 rats
189 creatures vanquished.

Notes
Turn   | Place    | Note
-------+----------+-------------------------------------------
     0 | D:1      | Isola the Spriggan Assassin began the quest for the Orb.
     0 | D:1      | Reached XP level 1. HP: 10/10 MP: 2/2
    28 | D:1      | Reached skill level 6 in Stealth
    71 | D:1      | Reached XP level 2. HP: 10/14 MP: 3/3
   846 | D:1      | Reached XP level 3. HP: 18/18 MP: 4/4
  1903 | D:2      | Reached XP level 4. HP: 22/22 MP: 5/5
  2627 | D:3      | Reached skill level 7 in Stealth
  3007 | D:3      | Reached XP level 5. HP: 18/25 MP: 6/6
  3776 | D:3      | Found a radiant altar of Vehumet.
  3780 | D:3      | Found an ornate altar of the Wu Jian Council.
  3784 | D:3      | Found a shattered altar of Ashenzari.
  3785 | D:3      | Found a burning altar of Makhleb.
  3787 | D:3      | Found a hide-covered altar of Uskayaw.
  3909 | D:3      | Reached skill level 5 in Dodging
  4370 | D:3      | Noticed Isola's ghost (amateur NaVM)
  4448 | D:3      | Gained mutation: You expend magic power (3 MP) to strengthen your wands. [potion of mutation]
  4448 | D:3      | Gained mutation: Your muscles are strong. (Str +2) [potion of mutation]
  4448 | D:3      | Gained mutation: You are covered in fur. (AC +1) [potion of mutation]
  4527 | D:4      | Noticed an ogre
  4567 | D:4      | Killed an ogre
  4567 | D:4      | Reached skill level 8 in Stealth
  4567 | D:4      | Reached XP level 6. HP: 30/30 MP: 7/7
  4819 | D:4      | Noticed Tyryt0's ghost (novice OpMo)
  5235 | D:4      | Noticed Grinder
  5364 | D:5      | Entered Level 5 of the Dungeon
  5453 | D:5      | Reached skill level 5 in Short Blades
  5538 | D:4      | Reached skill level 9 in Stealth
  5827 | D:5      | Reached XP level 7. HP: 19/33 MP: 8/8
  6762 | D:5      | Reached skill level 10 in Stealth
  6981 | D:5      | Found Paguceusai's Antique Armour Shop.
  7032 | D:6      | Found a staircase to the Ecumenical Temple.
  7080 | Temple   | Entered the Ecumenical Temple
  7283 | Temple   | Became a worshipper of Gozag Ym Sagoz the Greedy
  7685 | D:6      | Found a shattered altar of Ashenzari.
  7732 | D:6      | Reached XP level 8. HP: 37/37 MP: 9/9
  8049 | D:6      | Reached skill level 11 in Stealth
  8962 | D:6      | Reached skill level 12 in Stealth
  9681 | D:7      | Reached skill level 13 in Stealth
  9681 | D:7      | Reached XP level 9. HP: 40/40 MP: 10/10
 10686 | D:8      | Noticed Maurice
 10709 | D:8      | Paralysed by Maurice for 6 turns
 10822 | D:7      | Reached skill level 14 in Stealth
 11253 | D:7      | Reached skill level 10 in Short Blades
 12198 | D:8      | Noticed Psyche
 12523 | D:7      | HP: 2/41 [orc priest/divine providence (9)]
 13107 | D:7      | Slain by a gnoll

Vault maps used:
D:1:      minmay_arrival_diagonal_passages, minmay_circled_x
D:2:      minmay_wonky_spiral, first_bread
D:3:      minitemple
D:4:      uniq_grinder
D:5:      serial_shops, nicolae_shop_behind_doors, minmay_misc_feat_cross
D:6:      minmay_temple_entry_junction, nicolae_ashenzari_panopticon
D:7:      grunt_livestock
D:8:      uniq_psyche, uniq_joseph, uniq_maurice
Temple:   regret_index_temple_generic_petals

Skill      XL: |  1  2  3  4  5  6  7  8  9 |
---------------+----------------------------+-----
Stealth        | 6 7 8 9 10 13 14 | 14.5
Dodging        | 2 3 4 5 |  5.1
Short Blades   | 3 4 5 7 9 10 | 10.2
Fighting       | |  1.5
Throwing       | |  2.0

Action                   |  1- 3 |  4- 6 |  7- 9 || total
-------------------------+-------+-------+-------++-------
Melee: Dagger            |   150 |   265 |   666 ||  1081
 Fire: Blowgun           |     4 |    14 |    51 ||    69
  Use: Scroll            |       |     9 |     2 ||    11
       Potion            |       |     6 |     8 ||    14
 Stab: Sleeping          |    16 |    21 |    15 ||    52
       Distracted        |     1 |       |     7 ||     8
  Eat: Fruit             |       |     2 |     3 ||     5
       Bread ration      |       |       |     1 ||     1
Armor: Robe              |     9 |    27 |    52 ||    88
Dodge: Dodged            |    98 |   159 |   381 ||   638
